 Dungeon Crawl Stone Soup version 0.19.0 (webtiles) character file.

444 Lyric the Vandal (level 7, -3/41 HPs)
             Began as a Kobold Hunter on Nov 15, 2016.
             Was a Believer of Nemelex Xobeh.
             Slain by a killer bee (7 damage)
             ... summoned by the player character
             ... on level 5 of the Dungeon.
             The game lasted 00:22:24 (3426 turns).

Lyric the Vandal (Kobold Hunter)                    Turns: 3426, Time: 00:22:25

Health: -3/41      AC:  4    Str:  9    XL:     7   Next: 23%
Magic:  7/7        EV: 15    Int: 12    God:    Nemelex Xobeh [**....]
Gold:   86         SH:  0    Dex: 18    Spells: 0 memorised, 6 levels left

rFire  . . .     SeeInvis .     a - +1 hunting sling
rCold  . . .     Gourm    .     c - +0 leather armour
rNeg   . . .     Faith    .     (shield restricted)
rPois  .         Spirit   .     (no helmet)
rElec  .         Reflect  .     (no cloak)
rCorr  .         Harm     .     o - +0 pair of gloves
MR     .....                    (no boots)
Stlth  ++........               C - amulet of regeneration
                                (no ring)
                                (no ring)

@: no status effects
A: carnivore 3
a: Renounce Religion


You were on level 5 of the Dungeon.
You worshipped Nemelex Xobeh.
Nemelex Xobeh was pleased with you.
You were not hungry.

You visited 1 branch of the dungeon, and saw 5 of its levels.

You collected 206 gold pieces.
You spent 120 gold pieces at shops.

Inventory:

Hand Weapons
 a - a +1 hunting sling (weapon)
 b - a +0 short sword
Missiles
 d - 5 sling bullets (quivered)
 q - 142 stones
 F - 14 tomahawks
Armour
 c - a +0 leather armour (worn)
 o - a +0 pair of gloves (worn)
Jewellery
 C - an amulet of regeneration (around neck)
 D - an uncursed amulet of faith {unknown}
Scrolls
 g - 11 scrolls of identify {unknown}
 h - 2 scrolls of enchant armour {unknown}
 j - a scroll of teleportation {unknown}
 k - a scroll of random uselessness {unknown}
 s - a scroll of enchant weapon {unknown}
 w - a scroll of amnesia {unknown}
 y - a scroll of fear {unknown}
 z - 4 scrolls of remove curse {unknown}
 E - a scroll of magic mapping {unknown}
 G - a scroll of blinking {unknown}
 I - a scroll of noise {unknown}
Potions
 e - a potion of cure mutation {unknown}
 i - a potion of flight {unknown}
 l - 2 potions of agility {unknown}
 m - 2 potions of mutation {unknown}
 n - a potion of haste {unknown}
 r - a potion of beneficial mutation {unknown}
 v - a potion of brilliance {unknown}
 x - 5 potions of curing
 A - 2 potions of lignification {unknown}
Miscellaneous
 B - a plain deck of summoning {drawn: 2}
 J - a plain deck of destruction {drawn: 1}
Comestibles
 f - 4 meat rations
 p - 5 fruits
 t - a slice of pizza
 u - 3 beef jerkies
 H - a bread ration


   Skills:
 + Level 3.3 Fighting
 + Level 0.3 Short Blades
 + Level 7.2 Slings
 + Level 1.3 Armour
 + Level 2.7 Dodging
 + Level 2.2 Stealth
 + Level 0.4 Invocations


You had 6 spell levels left.
You didn't know any spells.

Dungeon Overview and Level Annotations

Branches:
Dungeon (5/15)
 Temple: D:4-7

Altars:
Nemelex Xobeh
Ru

Shops:
D:5 !


Innate Abilities, Weirdness & Mutations

You are small and have problems with some larger weapons.
You are carnivorous and can eat meat at any time.


Message History

Firing (i - inventory. (,) - cycle):
d - 6 sling bullets (quivered)
Press: ? - help, Shift-Dir - straight line, f/p - orc priest
Aim: an orc priest, wielding a short sword of protection and wearing a chain mail (almost dead)
Okay, then.
You draw a card...
It is Foxfire.
Something hits you but does no damage. The orc misses you.
The orc priest misses you.
Firing (i - inventory. (,) - cycle):
d - 6 sling bullets (quivered)
Press: ? - help, Shift-Dir - straight line, f/p - orc priest
Aim: an orc priest, wielding a short sword of protection and wearing a chain mail (almost dead)
You shoot a sling bullet. The sling bullet hits the orc priest.
You kill the orc priest!
Something hits you.
* * * LOW HITPOINT WARNING * * *
The killer bee stings your killer bee.
Your killer bee is poisoned.
The killer bee poisons your killer bee! The killer bee misses your killer bee.
The orc misses you.
You swap places.
Your killer bee misses something.
The killer bee stings you!
You die...
Your body disappears without a glow.

#########
#yoo((..(
######@.##.###
#.....yy#
#.#####.# #.#
.# ####.## .#
#∩....# ..
########.###.##
.. #........#
#..# ..#
#.######.# #..#
..#


You could see 2 killer bees, 2 orcs and a friendly killer bee.

Vanquished Creatures
  An ogre (D:4)
  A scorpion (D:4)
  3 orc priests
  An orc wizard (D:4)
  A centaur skeleton (D:4)
  An iguana (D:4)
  5 adders
  A shadow imp (D:5)
  An ooze (D:1)
  2 worms
  2 dart slugs
  9 orcs
  9 bats
  6 giant cockroaches
  A goblin (D:1)
  4 hobgoblins (D:1)
  9 jackals
  A quokka (D:2)
  2 ball pythons
  5 frilled lizards
  6 kobolds
  2 rats
73 creatures vanquished.

Notes
Turn   | Place    | Note
-------+----------+-------------------------------------------
     0 | D:1      | Lyric the Kobold Hunter began the quest for the Orb.
     0 | D:1      | Reached XP level 1. HP: 12/12 MP: 1/1
   113 | D:1      | Reached XP level 2. HP: 16/17 MP: 2/2
   424 | D:1      | Reached XP level 3. HP: 21/21 MP: 3/3
  1273 | D:2      | Reached skill level 5 in Slings
  1273 | D:2      | Reached XP level 4. HP: 27/27 MP: 4/4
  1301 | D:2      | Found a sparkling altar of Nemelex Xobeh.
  1307 | D:2      | Became a worshipper of Nemelex Xobeh the Trickster
  1340 | D:2      | Received a gift from Nemelex Xobeh
  2181 | D:3      | Reached * piety under Nemelex Xobeh
  2333 | D:3      | Found a sacrificial altar of Ru.
  2547 | D:3      | Reached XP level 5. HP: 27/31 MP: 5/5
  2597 | D:4      | Noticed an ogre
  2601 | D:4      | Killed an ogre
  2601 | D:4      | Reached skill level 6 in Slings
  2601 | D:4      | Reached skill level 1 in Armour
  2685 | D:4      | Reached XP level 6. HP: 18/36 MP: 6/6
  3305 | D:5      | Entered Level 5 of the Dungeon
  3305 | D:5      | Reached ** piety under Nemelex Xobeh
  3305 | D:5      | Received a gift from Nemelex Xobeh
  3305 | D:5      | Noticed an ogre
  3316 | D:4      | Reached skill level 7 in Slings
  3316 | D:4      | Reached XP level 7. HP: 41/41 MP: 7/7
  3378 | D:5      | Found Zasijygeusk's Distillery.
  3382 | D:5      | Bought 2 potions of curing for 60 gold pieces
  3382 | D:5      | Bought 2 potions of curing for 60 gold pieces
  3426 | D:5      | Slain by a killer bee

Skill      XL: |  1  2  3  4  5  6 |
---------------+-------------------+-----
Slings         | 5 6 7 |  7.2
Armour         | 1 |  1.3
Fighting       | 3 |  3.3
Stealth        | 2 |  2.2
Short Blades   | |  0.3
Dodging        | |  2.7
Invocations    | |  0.4

Action                   |  1- 3 |  4- 6 |  7- 9 || total
-------------------------+-------+-------+-------++-------
Melee: Short sword       |     9 |       |       ||     9
 Fire: Hunting sling     |    93 |   138 |    28 ||   259
Evoke: Deck              |       |     1 |     2 ||     3
  Eat: Chunk             |     7 |     3 |       ||    10
Armor: Leather armour    |     8 |     6 |     6 ||    20
Dodge: Dodged            |    40 |    20 |    11 ||    71
